 Dungeon Crawl Stone Soup version 0.27-a0-1579-g97d2440184 (webtiles) character file.

Game seed: 2871034911966414769

215 dolemite99 the Chopper (level 5, 0/45 HPs)
             Began as a Minotaur Fighter on July 17, 2021.
             Slain by a steam dragon (7 damage)
             ... on level 3 of the Dungeon.
             The game lasted 00:02:59 (3431 turns).

dolemite99 the Chopper (Minotaur Fighter)           Turns: 3431, Time: 00:03:00

Health: 0/45       AC:  9    Str: 27    XL:     5   Next: 60%
Magic:  4/4        EV:  6    Int:  5    God:
Gold:   104        SH: 10    Dex: 10    Spells: 4/4 levels left

rFire    . . .     SeeInvis .   a - +0 war axe
rCold    . . .     Faith    +   c - +0 kite shield
rNeg     . . .     Spirit   .   d - +0 chain mail
rPois    .         Reflect  .   (helmet restricted)
rElec    .         Harm     .   (no cloak)
rCorr    .         Rampage  .   (no gloves)
Will     .....                  (no boots)
Stlth    ..........             n - amulet of faith
HPRegen  0.15/turn              i - +6 ring of strength
MPRegen  0.09/turn              (no ring)

@: mighty
A: horns 2, retaliatory headbutt
a: no special abilities


You were on level 3 of the Dungeon.
You visited 1 branch of the dungeon, and saw 3 of its levels.

You collected 104 gold pieces.

Inventory:

Hand Weapons
 a - a +0 war axe (weapon)
Missiles
 e - 28 stones (quivered)
Armour
 b - a +0 scale mail
 c - a +0 kite shield (worn)
 d - a +0 chain mail (worn)
Jewellery
 i - a +6 ring of strength (left hand)
 j - a ring of poison resistance
 n - an amulet of faith (around neck)
Scrolls
 g - 3 scrolls of identify {unknown}
 l - a scroll of acquirement {unknown}
 m - a scroll of noise {unknown}
Potions
 f - a potion of invisibility {unknown}
 h - a potion of attraction {unknown}
 k - a potion of berserk rage {unknown}
 o - a potion of magic {unknown}
 p - a potion of lignification {unknown}


   Skills:
 - Level 3.6 Fighting
 + Level 7.2 Axes
 - Level 3.6 Armour
 - Level 3.6 Shields


You had 4 spell levels left.
You didn't know any spells.
Your spell library contained the following spells:

 Spells                   Type           Power      Damage    Failure   Level
 Dazzling Flash           Conj/Hex       0%         N/A       100%        3
 Ozocubu's Armour         Ice            0%         N/A       100%        3
 Iskenderun's Mystic Bla  Conj/Tloc      0%         2d3       100%        4
 Metabolic Englaciation   Hex/Ice        0%         N/A       100%        5
 Simulacrum               Ice/Necr       0%         N/A       100%        6
 Starburst                Conj/Fire      0%         8x6d3     100%        6


Dungeon Overview and Level Annotations

Branches:
Dungeon (3/15)

Altars:

Shops:
D:1 [


Innate Abilities, Weirdness & Mutations

You have a pair of horns on your head.
You reflexively headbutt those who attack you in melee.


Message History

You hit the goblin.
You kill the goblin!
Things that are here:
a +0 club; a +0 dagger No target in view!
e - 31 stones (gained 1) No target in view!
An endoplasm comes into view.
An endoplasm is nearby!
An endoplasm is nearby!
You throw a stone. The stone barely misses the endoplasm.
You hit the endoplasm. You headbutt the endoplasm.
You kill the endoplasm!
No target in view!
A quokka comes into view.
You hit the quokka.
You kill the quokka!
No target in view!
Found a scroll labelled BEUH OCWIYSOIN.
A steam dragon comes into view.
You throw a stone.
The stone closely misses the steam dragon.
The steam dragon hisses angrily.
You throw a stone. The stone hits the steam dragon.
The steam dragon is lightly wounded.
The steam dragon breathes steam at you. The ball of steam hits you!!
The steam dragon bites you. The steam dragon claws you.
You closely miss the steam dragon. Your headbutt misses the steam dragon.
The steam dragon is lightly wounded.
You block the steam dragon's attack. x2
You closely miss the steam dragon. You headbutt the steam dragon.
The steam dragon is lightly wounded.
You are engulfed in a cloud of scalding steam.
You block the steam dragon's attack. x2; The steam dragon bites you!
* * * LOW HITPOINT WARNING * * *
The steam dragon claws you but does no damage.
You feel very mighty all of a sudden. The steam dragon bites you!
You die...

.... .. .. ...## #### ..# .
....## .#. .##.....# ..
#.#.....+ .##.#.#.....#..
.## ##.#.#.#..##.#.# ...
#.†#..##..##.#.# ##. ##. #
#.##)#..##.#.# ...#
#.###@#...#.##.#.# #...#.
#.#(D.##.##.##.#.
#...##.?.###..##..##.#
###..(.###.#..#.......#
##...........#.#.##..####.#
...# #.##...#.†##....# #.#
####
#.##...........####.##.####
..#
#........#†#..##...........
#.##
#.######.#....##.##.#######


You could see a steam dragon.

Vanquished Creatures
  A scorpion (D:3)
  An orc priest (D:3)
  Ijyb (D:3)
  3 adders
  4 dart slugs
  2 orcs (D:3)
  4 endoplasms
  6 giant cockroaches
  5 goblins
  4 hobgoblins
  2 jackals (D:3)
  4 quokkas
  6 ball pythons
  6 bats
  5 frilled lizards
  7 kobolds
  8 rats
69 creatures vanquished.

Notes
Turn   | Place    | Note
-------+----------+-------------------------------------------
     0 | D:1      | dolemite99 the Minotaur Fighter began the quest for the
                  | Orb.
     0 | D:1      | Reached XP level 1. HP: 19/19 MP: 0/0
   126 | D:1      | Reached skill level 3 in Axes
   213 | D:1      | Reached XP level 2. HP: 26/26 MP: 1/1
   333 | D:1      | Found Dearoun's Armour Emporium.
   469 | D:1      | Reached skill level 4 in Axes
   872 | D:1      | Reached XP level 3. HP: 31/31 MP: 2/2
  1418 | D:2      | Reached skill level 5 in Axes
  1574 | D:2      | Reached XP level 4. HP: 26/39 MP: 3/3
  2381 | D:3      | Reached skill level 6 in Axes
  2635 | D:3      | Found a faded altar of an unknown god.
  2760 | D:3      | Noticed Ijyb
  2800 | D:3      | Killed Ijyb
  2801 | D:3      | Reached XP level 5. HP: 33/45 MP: 4/4
  3164 | D:3      | Reached skill level 7 in Axes
  3425 | D:3      | Noticed a steam dragon
  3431 | D:3      | Slain by a steam dragon

Illustrated notes

Levels and vault maps discovered:
D:1:      dpeg_arrival_castle, layout_basic, serial_shops, shop, fountainhead
D:2:      layout_loops_cross, amcnicky_mini_pool_small, bh_walls_and_bars
D:3:      layout_loops_corners, ebering_ecumenical_altar_ruins,
          serial_co_window_serial, co_window_cross_1, co_window_corner_a,
          co_window_paths_a, co_window_corner_a, co_window_paths_a,
          co_window_of_opportunity_c, co_window_2corner, co_window_corner_ca,
          co_window_4corner_b, co_window_4corner_a, minmay_pentomino_pile,
          uniq_ijyb

Skill      XL: |  1  2  3  4  5 |
---------------+----------------+-----
Axes           | 3 4 5 6 7 |  7.2
Fighting       | |  3.6
Armour         | |  3.6
Shields        | |  3.6

Action                   |  1- 3 |  4- 6 || total
-------------------------+-------+-------++-------
Melee: War axe           |    72 |    76 ||   148
       Headbutt          |    14 |    13 ||    27
Throw: Stone             |    63 |    17 ||    80
  Use: Potion            |       |     2 ||     2
Armor: Scale mail        |    28 |    10 ||    38
       Skin              |       |     4 ||     4
       Chain mail        |       |     7 ||     7
Dodge: Dodged            |    13 |    12 ||    25
Block: Kite shield       |    36 |    43 ||    79

Table legend: (Time is in decaauts)
 A = Elapsed time spent in this place.
 B = Non-inter-level travel time spent in this place.
 C = Inter-level travel time spent in this place.
 D = Time resting spent in this place.
 E = Time spent auto-exploring this place.
 F = Levels seen in this place.
 G = Mean time per level.
                   A        B        C        D        E       F      G
               +--------+--------+--------+--------+--------+-----+--------+
         Total |   3532 |   3486 |     46 |   1008 |   1783 |   3 | 1177.3 |
       Dungeon |   3532 |   3486 |     46 |   1008 |   1783 |   3 | 1177.3 |
               +--------+--------+--------+--------+--------+-----+--------+

Top non-repeatable levels by time:
     D:3: 1467 daAuts
     D:1: 1044 daAuts
     D:2: 1020 daAuts
